 Dungeon Sprint DCSS version 0.17-a0-1197-g2d00c63 (webtiles) character file.

263 Kidiri the Covert (level 5, -1/30 HPs)
             Began as a Spriggan Assassin on June 2, 2015.
             Splashed by a jelly's acid (5 damage)
             ... in the Dungeon (Sprint I: "Red Sonja").
             The game lasted 00:01:58 (176 turns).

Kidiri the Covert (Spriggan Assassin)                Turns: 176, Time: 00:01:58

Health: -1/30      AC: -7    Str:  7    XL:     5   Next: 97%
Magic:  6/6        EV: 24    Int: 12    God:
Gold:   162        SH:  0    Dex: 19    Spells: 0 memorised, 4 levels left

rFire  . . .     SeeInvis +     a - +2 dagger
rCold  . . .     Clarity  .     c - +0 robe
rNeg   . . .     SustAt   .     (shield restricted)
rPois  .         Gourm    .     (helmet restricted)
rElec  .         Spirit   .     d - +0 cloak
rCorr  .         Warding  .     (gloves unavailable)
rMut   .         NoTele   +     (boots unavailable)
MR     .....                    (no amulet)
Stlth  +++++.....               (no ring)
                                (no ring)

@: corroded equipment, very slightly contaminated, very quick, not resistant to
hostile enchantments, quite stealthy
A: unfitting armour, see invisible, herbivore 3, speed 3, slow metabolism 2
a: no special abilities


You were in the Dungeon.
You were not hungry.

You visited 1 branch You collected 162 gold pieces.

Inventory:

Hand weapons
 a - a +2 dagger (weapon)
 b - a +0 blowgun
Missiles
 e - 8 poisoned needles
 f - 2 curare-tipped needles
Armour
 c - a +0 robe (worn)
 d - a +0 cloak (worn)
Potions
 h - a potion of curing
 i - a potion of heal wounds
 j - a potion of haste
 k - 2 potions of magic
 l - a potion of berserk rage
Comestibles
 g - 2 bread rations


   Skills:
 * Level 4.8 Fighting
 * Level 5.8 Short Blades
 * Level 6.4 Throwing
 * Level 8.0 Dodging
 * Level 10.4 Stealth


You had 4 spell levels left.
You didn't know any spells.

Dungeon Overview and Level Annotations

Branches:
Dungeon (1/1)

Altars:
Sif Muna
Vehumet


Innate Abilities, Weirdness & Mutations

You are tiny and cannot use many weapons and most armour.
You have supernaturally acute eyesight.
You are a herbivore.
You cover ground extremely quickly.
You need consume almost no food.


Message History

t - Shout!
Orders for allies: a - Attack new target. r - Retreat! s - Stop attacking. w - Wait here. f - Follow me.
Anything else - Stay silent.
Okay, then.
Read which item? (? for menu, Esc to quit)
Blink to where?
Press: ? - help, Dir - move target cursor You are very lightly contaminated with residual magic.
As you read the scroll of blinking, it crumbles to dust.
The jelly barely misses you.
You hit the jelly. The acid corrodes you!
Your hands burn!
* * * LOW HITPOINT WARNING * * *
The jelly is moderately wounded.
You barely miss the jelly.
The jelly is moderately wounded.
The jelly closely misses you.
You hit the jelly. The acid corrodes you!
Your hands burn!
You die...

################
#<.#.J@..#.J...#
#.....#.....#..+
#).#####'#####J#
#..# #..# #.#
#..# #### ##[#
#..# #+#..+ #⌠⌠#
+..._# ####
#_.#+# ##+#


You could see a jelly.

Vanquished Creatures
  Sigmund (D)
  An ogre (D)
  Ijyb (D)
3 creatures vanquished.

Notes
Turn   | Place    | Note
--------------------------------------------------------------
     0 | D        | Kidiri the Spriggan Assassin began the quest for the Orb.
     0 | D        | Reached XP level 1. HP: 10/10 MP: 2/2
     2 | D        | Noticed Ijyb
     9 | D        | Killed Ijyb
     9 | D        | Reached skill level 7 in Stealth
     9 | D        | Reached XP level 2. HP: 14/16 MP: 3/3
    50 | D        | Noticed an ogre
    77 | D        | Killed an ogre
    77 | D        | Reached skill level 5 in Dodging
    77 | D        | Reached skill level 8 in Stealth
    77 | D        | Reached XP level 3. HP: 20/20 MP: 4/4
    77 | D        | Reached XP level 4. HP: 25/25 MP: 5/5
   112 | D        | Noticed Sigmund
   115 | D        | Killed Sigmund
   115 | D        | Reached skill level 5 in Short Blades
   115 | D        | Reached skill level 10 in Stealth
   115 | D        | Reached XP level 5. HP: 28/30 MP: 6/6
   138 | D        | Found a deep blue altar of Sif Muna.
   139 | D        | Noticed a jelly
   140 | D        | Found a radiant altar of Vehumet.
   176 | D        | Splashed by a jelly's acid

Vault maps used:
D:        dungeon_sprint_1

Action                   |  1- 3 |  4- 6 || total
-------------------------+-------+-------++-------
Melee: Dagger            |     7 |     8 ||    15
 Fire: Blowgun           |     8 |       ||     8
  Use: Scroll            |       |     1 ||     1
 Stab: Sleeping          |     1 |     1 ||     2
